Workbook
Name CONFIG_FORM_ID: '$DB.CONFIG.ICW'!$C$4
Name CONFIG_REVISION_DATE: '$DB.CONFIG.ICW'!$C$5
Name CONFIG_REVISION_EFF_DATE: '$DB.CONFIG.ICW'!$C$6
Name CONFIG_REVISION_EFF_DATE_DISPLAY: '$DB.CONFIG.ICW'!$C$7
Name DOC_ID_AHP_DISPLAY: '$DB.CONFIG.ICW'!$C$7
Name HOUSEHOLD_NUM_ADULTS: 'Income Calculation Worksheet'!$J$9
Name HOUSEHOLD_NUM_CHILDREN: 'Income Calculation Worksheet'!$K$9
Name ICW_BONUS_CERT_COMPLETE_FLAG: 'Income Calculation Worksheet'!$B$95
Name ICW_BONUS_CERT_REQ_FLAG: 'Income Calculation Worksheet'!$B$94
Name ICW_BONUS_ONETIME_CERTIFICATION: 'Income Calculation Worksheet'!$B$92
Name ICW_BONUS_SUBTOTAL: 'Income Calculation Worksheet'!$B$93
Name ICW_HOUSEHOLD_SIZE: 'Income Calculation Worksheet'!$L$9
Name ICW_TOTAL_INCOME: 'Income Calculation Worksheet'!$M$9
Name INCOME_SUBTOTAL_A1: 'Income Calculation Worksheet'!$M$41
Name INCOME_SUBTOTAL_A2: 'Income Calculation Worksheet'!$M$74
Name INCOME_SUBTOTAL_A3: 'Income Calculation Worksheet'!$M$85
Name INCOME_SUBTOTAL_A4: 'Income Calculation Worksheet'!$M$98
Name INCOME_SUBTOTAL_B: 'Income Calculation Worksheet'!$M$111
Name INCOME_SUBTOTAL_C: 'Income Calculation Worksheet'!$M$123
Name INCOME_SUBTOTAL_D: 'Income Calculation Worksheet'!$M$135
Name INCOME_SUBTOTAL_E: 'Income Calculation Worksheet'!$M$148
Name INCOME_SUBTOTAL_F: 'Income Calculation Worksheet'!$M$159
Name RANGE_LOOKUP_CHILDSUPPORT_PYMT_FREQ: '$DB.LOOKUP.ICW'!$C$3:$C$7
Name RANGE_LOOKUP_DEPENDENTS: '$DB.LOOKUP.ICW'!$J$3:$J$6
Name RANGE_LOOKUP_PAYSTUBS_PER_YEAR: '$DB.LOOKUP.ICW'!$A$3:$A$6
Name RANGE_LOOKUP_SECTD_INCOMESOURCE: '$DB.LOOKUP.ICW'!$F$3:$F$7
Name RANGE_LOOKUP_SECTE_INCOMESOURCE: '$DB.LOOKUP.ICW'!$H$3:$H$7
Name RANGE_LOOKUP_VOE_PYMT_FREQ: '$DB.LOOKUP.ICW'!$L$3:$L$8
Name RANGE_LOOKUP_VOE_PYMT_FREQ_HOURLY: '$DB.LOOKUP.ICW'!$L$8
Name TARGET_TOP_ICW: 'Income Calculation Worksheet'!$C$15

Sheet Income Calculation Worksheet
A2: FIELD ID | B2: FIELD VALUE | M2: =CONFIG_REVISION_EFF_DATE_DISPLAY -> 1/2026
A4: FORM_LINK_HREF | D4: Affordable Housing Program (AHP): Income Calculation Worksheet | M4: ="ID: "&CONFIG_FORM_ID -> ID: AHP-152
A5: FORM_LINK_NAME
D6: Household Summary
D8: Household Name | F8: Project Name | H8: FHFA ID | I8: Date | J8: # Adults(1) | K8: # Children | L8: Household Size | M8: Total Income(2)
L9: =IF(OR(HOUSEHOLD_NUM_ADULTS<>"",HOUSEHOLD_NUM_CHILDREN<>""),SUM(HOUSEHOLD_NUM_ADULTS,HOUSEHOLD_NUM_CHILDREN),"") | M9: =SUM(INCOME_SUBTOTAL_A1,INCOME_SUBTOTAL_A2,INCOME_SUBTOTAL_A3,INCOME_SUBTOTAL_A4,INCOME_SUBTOTAL_B,INCOME_SUBTOTAL_C,INCOME_SUBTOTAL_D,INCOME_SUBTOTAL_E,INCOME_SUBTOTAL_F) -> 0
D11: FHLBNY Member Name
D13: (1) Household members 18 years of age or older. (2) Income documentation must be provided from a ‘third party’. Income documentation must be dated within 60 days of the move-in or qualification date. Acceptable ‘third party income documentation’ is itemized in each section of the worksheet.
D16: Section A - Employment Income
D18: 1. Paystubs - Instructions / Documentation
D19: To calculate Section A1 of the Income Calculation Worksheet, one (1) month of consecutive paystubs with accompanying earnings/deductions statements. The pay period end date, not the check date, must be utilized in calculating income. Weekly pay requires four (4) paystubs and bi-weekly/semi-monthly required two (2) pay stubs. The Income Calculation worksheet will perform two calculations and use the higher figure as the annual income. The two calculations are as follows: • The annualized forecast of current year-to-date (“YTD”) earnings; and • The annualized forecast based on the average of one month of consecutive paystubs. Note: • In cases when the year-to-date income includes income from a pay period that occurs fully within the year prior, the first paystub received for the year must be provided to document number of YTD paystubs. Additionally, the box entitled “First Pay Period Fully within the Prior Year” must be checked to ensure the correct calculation.
A21: PAYSTUB_NO | B21: FIRST_PERIOD_PRIOR_YEAR_FLAG | D21: Applicant Name | E21: Employer | F21: Start Date | G21: End of Pay Period | H21: Paystubs / Year | I21: 30-Day Avg. Pay | J21: YTD Gross Income | K21: YTD Paystubs | L21: YTD Pay Rate | M21: Annual Income
A22: 1 | B22: FALSE | I22: =IF(SUM(I24:L24)>0,SUM(I24:L24)/COUNTIF(I24:L24,">=0"),"") | K22: =IFERROR(IF(AND($F22<>"",$G22<>"",$F22<$G22,$J22<>"",VALUE($H22)>0,$H22<>""),ROUNDUP((($G22-MAX($F22,"1/1/"&YEAR($G22)))/7)/(52/$H22),0)+IF($B$22=TRUE,1,0),""),"") | L22: =IFERROR(IF($K22<>"",$J22/$K22,""),"") | M22: =IFERROR(IF(AND(L22<>"",I22<>"",H22<>""),MAX(L22,I22)*H22,""),"")
A23: 2 | B23: FALSE | H23: 30-Day Paystub History: | I23: Paystub #1 | J23: Paystub #2 | K23: Paystub #3 | L23: Paystub #4
A24: 3 | B24: FALSE | H24: Gross Pay Amount:
A25: 4 | B25: FALSE
D26: Applicant Name | E26: Employer | F26: Start Date | G26: End of Pay Period | H26: Paystubs / Year | I26: 30-Day Avg. Pay | J26: YTD Gross Income | K26: YTD Paystubs | L26: YTD Pay Rate | M26: Annual Income
I27: =IF(SUM(I29:L29)>0,SUM(I29:L29)/COUNTIF(I29:L29,">=0"),"") | K27: =IFERROR(IF(AND($F27<>"",$G27<>"",$F27<$G27,$J27<>"",VALUE($H27)>0,$H27<>""),ROUNDUP((($G27-MAX($F27,"1/1/"&YEAR($G27)))/7)/(52/$H27),0)+IF($B$23=TRUE,1,0),""),"") | L27: =IFERROR(IF($K27<>"",$J27/$K27,""),"") | M27: =IFERROR(IF(AND(L27<>"",I27<>"",H27<>""),MAX(L27,I27)*H27,""),"")
H28: 30-Day Paystub History: | I28: Paystub #1 | J28: Paystub #2 | K28: Paystub #3 | L28: Paystub #4
H29: Gross Pay Amount:
D31: Applicant Name | E31: Employer | F31: Start Date | G31: End of Pay Period | H31: Paystubs / Year | I31: 30-Day Avg. Pay | J31: YTD Gross Income | K31: YTD Paystubs | L31: YTD Pay Rate | M31: Annual Income
I32: =IF(SUM(I34:L34)>0,SUM(I34:L34)/COUNTIF(I34:L34,">=0"),"") | K32: =IFERROR(IF(AND($F32<>"",$G32<>"",$F32<$G32,$J32<>"",VALUE($H32)>0,$H32<>""),ROUNDUP((($G32-MAX($F32,"1/1/"&YEAR($G32)))/7)/(52/$H32),0)+IF($B$24=TRUE,1,0),""),"") | L32: =IFERROR(IF($K32<>"",$J32/$K32,""),"") | M32: =IFERROR(IF(AND(L32<>"",I32<>"",H32<>""),MAX(L32,I32)*H32,""),"")
H33: 30-Day Paystub History: | I33: Paystub #1 | J33: Paystub #2 | K33: Paystub #3 | L33: Paystub #4
H34: Gross Pay Amount:
D36: Applicant Name | E36: Employer | F36: Start Date | G36: End of Pay Period | H36: Paystubs / Year | I36: 30-Day Avg. Pay | J36: YTD Gross Income | K36: YTD Paystubs | L36: YTD Pay Rate | M36: Annual Income
I37: =IF(SUM(I39:L39)>0,SUM(I39:L39)/COUNTIF(I39:L39,">=0"),"") | K37: =IFERROR(IF(AND($F37<>"",$G37<>"",$F37<$G37,$J37<>"",VALUE($H37)>0,$H37<>""),ROUNDUP((($G37-MAX($F37,"1/1/"&YEAR($G37)))/7)/(52/$H37),0)+IF($B$25=TRUE,1,0),""),"") | L37: =IFERROR(IF($K37<>"",$J37/$K37,""),"") | M37: =IFERROR(IF(AND(L37<>"",I37<>"",H37<>""),MAX(L37,I37)*H37,""),"")
H38: 30-Day Paystub History: | I38: Paystub #1 | J38: Paystub #2 | K38: Paystub #3 | L38: Paystub #4
H39: Gross Pay Amount:
D41: Section A1, Total Paystub Income | M41: =SUM(M22,M27,M32,M37) -> 0
D43: 2. Verification of Employment (VOE) - Instructions / Documentation
D44: To calculate Section A2 of the Income Calculation Worksheet, the Verification of Employment must be completed on the Fannie Mae Form 1005. The Income Calculation Worksheet will perform two calculations and use the higher figure as the annual income. The two calculations are as follows: • The annualized forecast of year to date (“YTD”) base pay, and • The annualization of current base pay rate. Note: • The YTD recurring non-base income, such as overtime, commission, and bonuses must be added to their respective fields. The sum of these amounts will be annualized and added to the borrower’s annual income. • If an individual has anticipated income based on historical earnings, such as an annual bonus, seasonal overtime, or other forms of income, the member may use the previous year’s amount if that income has not yet been received for the current year. The income should be a captured in Section A4. The remarks section of VOE should indicate why an annuitization cannot be performed.
D46: Applicant Name | E46: Employer | F46: Current Gross Base Pay | H46: Check Period | I46: Average Hours / Week | K46: Base Pay Rate | M46: Annual Income
K47: =IF(H47=RANGE_LOOKUP_VOE_PYMT_FREQ_HOURLY, IF(AND(F47<>"",I47<>""),F47*I47*52,""), IF(AND(F47<>"",H47<>""),F47*VLOOKUP(H47,'$DB.LOOKUP.ICW'!L:M,2,FALSE),"")) | M47: =IF(AND(K47<>"",I49<>""),SUM(K49,K51),"")
D48: Date of Employment | E48: YTD Thru | F48: YTD Base Pay | H48: YTD Weeks | I48: YTD Pay Rate | K48: Annual Base Income
H49: =IF(AND(D49<>"",E49<>""),ROUNDUP(((E49-MAX(D49,"1/1/"&YEAR(E49)))/7),0),"") | I49: =IF(AND(F49<>"",H49<>""),(F49/H49)*52,"") | K49: =IF(OR(K47<>"",I49<>""),MAX(K47,I49),"")
F50: YTD Overtime | H50: YTD Commissions | I50: YTD Bonus | K50: Annual Other Income
K51: =IF(H49<>"",(SUM(F51:J51)/H49)*52,"")
D53: Applicant Name | E53: Employer | F53: Current Gross Base Pay | H53: Check Period | I53: Average Hours / Week | K53: Base Pay Rate | M53: Annual Income
K54: =IF(H54=RANGE_LOOKUP_VOE_PYMT_FREQ_HOURLY, IF(AND(F54<>"",I54<>""),F54*I54*52,""), IF(AND(F54<>"",H54<>""),F54*VLOOKUP(H54,'$DB.LOOKUP.ICW'!L:M,2,FALSE),"")) | M54: =IF(AND(K54<>"",I56<>""),SUM(K56,K58),"")
D55: Date of Employment | E55: YTD Thru | F55: YTD Base Pay | H55: YTD Weeks | I55: YTD Pay Rate | K55: Annual Base Income
H56: =IF(AND(D56<>"",E56<>""),ROUNDUP(((E56-MAX(D56,"1/1/"&YEAR(E56)))/7),0),"") | I56: =IF(AND(F56<>"",H56<>""),(F56/H56)*52,"") | K56: =IF(OR(K54<>"",I56<>""),MAX(K54,I56),"")
F57: YTD Overtime | H57: YTD Commissions | I57: YTD Bonus | K57: Annual Other Income
K58: =IF(H56<>"",(SUM(F58:J58)/H56)*52,"")
D60: Applicant Name | E60: Employer | F60: Current Gross Base Pay | H60: Check Period | I60: Average Hours / Week | K60: Base Pay Rate | M60: Annual Income
K61: =IF(H61=RANGE_LOOKUP_VOE_PYMT_FREQ_HOURLY, IF(AND(F61<>"",I61<>""),F61*I61*52,""), IF(AND(F61<>"",H61<>""),F61*VLOOKUP(H61,'$DB.LOOKUP.ICW'!L:M,2,FALSE),"")) | M61: =IF(AND(K61<>"",I63<>""),SUM(K63,K65),"")
D62: Date of Employment | E62: YTD Thru | F62: YTD Base Pay | H62: YTD Weeks | I62: YTD Pay Rate | K62: Annual Base Income
H63: =IF(AND(D63<>"",E63<>""),ROUNDUP(((E63-MAX(D63,"1/1/"&YEAR(E63)))/7),0),"") | I63: =IF(AND(F63<>"",H63<>""),(F63/H63)*52,"") | K63: =IF(OR(K61<>"",I63<>""),MAX(K61,I63),"")
F64: YTD Overtime | H64: YTD Commissions | I64: YTD Bonus | K64: Annual Other Income
K65: =IF(H63<>"",(SUM(F65:J65)/H63)*52,"")
D67: Applicant Name | E67: Employer | F67: Current Gross Base Pay | H67: Check Period | I67: Average Hours / Week | K67: Base Pay Rate | M67: Annual Income
K68: =IF(H68=RANGE_LOOKUP_VOE_PYMT_FREQ_HOURLY, IF(AND(F68<>"",I68<>""),F68*I68*52,""), IF(AND(F68<>"",H68<>""),F68*VLOOKUP(H68,'$DB.LOOKUP.ICW'!L:M,2,FALSE),"")) | M68: =IF(AND(K68<>"",I70<>""),SUM(K70,K72),"")
D69: Date of Employment | E69: YTD Thru | F69: YTD Base Pay | H69: YTD Weeks | I69: YTD Pay Rate | K69: Annual Base Income
H70: =IF(AND(D70<>"",E70<>""),ROUNDUP(((E70-MAX(D70,"1/1/"&YEAR(E70)))/7),0),"") | I70: =IF(AND(F70<>"",H70<>""),(F70/H70)*52,"") | K70: =IF(OR(K68<>"",I70<>""),MAX(K68,I70),"")
F71: YTD Overtime | H71: YTD Commissions | I71: YTD Bonus | K71: Annual Other Income
K72: =IF(H70<>"",(SUM(F72:J72)/H70)*52,"")
D74: Section A2, Total VOE Income | M74: =SUM(M47,M54,M61,M68) -> 0
D76: 3. Contracts and Employment Letters - Instructions / Documentation
D77: To complete Section A3, the contract and/or employment letter must provide enough information to perform an annualization of income, including base and any other income earned. Individuals working under contractual agreements (i.e., teachers) should provide the most recent contract in effect. The contracted salary and any additional income listed above salary must be included in the income analysis. Employment letters may be accepted as income documentation in cases where a complete and formal Verification of Employment (VOE) is unable to obtained. Offer letters may be accepted.
D79: Applicant Name | E79: Employer | L79: Letter Date | M79: Annual Income
D85: Section A3, Total Contract and Employment Letter Income | M85: =SUM(M80:M84) -> 0
D87: 4. Variable/Bonus Income - Instructions / Documentation
D88: Variable/Bonus income is defined as income that should not be annualized, such as bonus income, profit sharing, incentive pay, seasonal overtime, etc. Such income should be removed from the household’s year to date gross income and captured in Section A4 of the Income Calculation Worksheet. The amounts listed in the section will be added to the household’s income.
M90: =IF(ICW_BONUS_CERT_REQ_FLAG,IF(ICW_BONUS_ONETIME_CERTIFICATION,2,1),"")
A92: ICW_BONUS_ONETIME_CERTIFICATION | B92: FALSE | D92: Applicant Name | E92: Employer | G92: Description | M92: Amount
A93: ICW_BONUS_SUBTOTAL | B93: =INCOME_SUBTOTAL_A4 -> 0
A94: ICW_BONUS_CERT_REQ_FLAG | B94: =ICW_BONUS_SUBTOTAL>0 -> FALSE
A95: ICW_BONUS_CERT_COMPLETE_FLAG | B95: =IF(ICW_BONUS_CERT_REQ_FLAG,IF(ICW_BONUS_ONETIME_CERTIFICATION,TRUE,FALSE),TRUE) -> TRUE
D98: Section A4, Total Variable/Bonus Income | M98: =SUM('Income Calculation Worksheet'!$M$93:$M$97) -> 0
D100: Section B - Social Security, Retirement/Pension, Public Assistance, and Disability Income
D102: Instructions / Documentation
D103: Social Security, Pension, Public Assistance, Disability Income should be captured in Section B of the Income Calculation Worksheet. Acceptable third-party documentation includes the following: • Social security Supplemental Income award letter or 1099 • Social Security award letter or 1099. • Retirement, pension, and/or disability benefit statements or 1099. In cases of distributions, an average of the year-to-date payments must be calculated and input into the Income Calculation Worksheet as the payment amount. • Letters or case management forms from public assistance agencies. • Section 8 Homeownership Voucher Program approval letter. • Other third-party documentation evidencing the amount and frequency of the benefit being received. The gross benefit amount should be entered in the Income Calculation Worksheet. The worksheet will calculate an annualized income amount.
D105: Applicant Name | F105: Source | J105: Payment Frequency | L105: Payment Amount | M105: Annual Income
M106: =IF(AND(J106<>"",L106<>""),L106*VLOOKUP(J106,'$DB.LOOKUP.ICW'!C:D,2,FALSE),"")
M107: =IF(AND(J107<>"",L107<>""),L107*VLOOKUP(J107,'$DB.LOOKUP.ICW'!C:D,2,FALSE),"")
M108: =IF(AND(J108<>"",L108<>""),L108*VLOOKUP(J108,'$DB.LOOKUP.ICW'!C:D,2,FALSE),"")
M109: =IF(AND(J109<>"",L109<>""),L109*VLOOKUP(J109,'$DB.LOOKUP.ICW'!C:D,2,FALSE),"")
M110: =IF(AND(J110<>"",L110<>""),L110*VLOOKUP(J110,'$DB.LOOKUP.ICW'!C:D,2,FALSE),"")
D111: Section B, Total Income | M111: =SUM(M106:M110) -> 0
D113: Section C - Self-Employment Income
D115: Instructions / Documentation
D116: Self-Employment income should be captured in Section C of the Income Calculation Worksheet. Household members that report their annual earnings to the IRS through a Schedule C, 1099 statement, own a C or S Corporation, or an ownership interest in a partnership, are self-employed. Acceptable documentation includes one of the following: • Most recent year completed copies of U.S. Individual Income Tax Returns (i.e., IRS 1040 Forms) accompanied by all supporting schedules and statements. o In lieu of U.S. Individual Income Tax Returns, an IRS form 4506-T (Request for Transcript Tax Return) can be submitted to the IRS, and the member can rely on and submit the transcripts furnished by the IRS; or • If the household member began self-employment within the year of reservation, a year-to-date Profit and Loss (“P&L”) Statement prepared by the household member must be provided. The P&L must be signed by the applicable household member. Note: If a household member owns 25% or greater of a business, the applicable business tax returns must be provided. If less than 25% ownership in a partnership, S corporation or LLC, the applicable K-1 must be provided. The following items claimed by the borrower must be added back to the net income: depreciation, depletion, business use of a home, amortization, and casualty losses. The exclusion for meals and entertainment expenses must be deducted from the net income. The household’s net income and duration of self-employment, as covered in the supporting documentation, must be entered in the Income Calculation Worksheet. For example, a tax return that reflects one full year of self-employment income should indicate 12 months or a P&L that reflects six months of self-employment income should indicate six months in Section C of the Income Calculation Worksheet, the worksheet will calculate an annualized income amount
D118: Applicant Name | E118: Business Name | K118: # Months | L118: Net Income | M118: Annual Income
M119: =IF(AND(K119<>"",L119<>""),L119/(K119/12),"")
M120: =IF(AND(K120<>"",L120<>""),L120/(K120/12),"")
M121: =IF(AND(K121<>"",L121<>""),L121/(K121/12),"")
M122: =IF(AND(K122<>"",L122<>""),L122/(K122/12),"")
D123: Section C, Total Income | M123: =SUM(M119:M122) -> 0
D125: Section D - Child Support
D127: Instructions / Documentation
D128: Child support should be captured in Section D of the Income Calculation Worksheet and should be documented via a court order, printouts from the court or agency responsible for enforcing support payments or any other third-party documentation evidencing the amount and frequency of support payments received. If there is a private arrangement, the details of the arrangement along with proof of receipt of two support payments must be provided. When completing the fields on the worksheet, the following guidelines should be followed: • Children’s names cannot be entered on the worksheet; the dropdown menu within the worksheet identifies children as Child #1, Child #2, etc. • Arrear payments should not be included in the income calculation. • Income payment frequency must be provided so that the worksheet can calculate the annualized income. • In the case where child support is not received in line with the court order, an average of the year-to-date payments must be calculated and input into the Income Calculation Worksheet as the payment amount. • Evidence of unpaid child support must be documented to be excluded from household income (e.g., court orders, child support service confirming non-payment, etc.). If unable to provide evidence, the member will default to amount stated on court order/divorce decree/separation agreement.
D130: Applicant Name | F130: Dependents (select from dropdown) | J130: Payment Frequency | L130: Payment Amount | M130: Annual Income
M131: =IF(AND(J131<>"",L131<>""),L131*VLOOKUP(J131,'$DB.LOOKUP.ICW'!C:D,2,FALSE),"")
M132: =IF(AND(J132<>"",L132<>""),L132*VLOOKUP(J132,'$DB.LOOKUP.ICW'!C:D,2,FALSE),"")
M133: =IF(AND(J133<>"",L133<>""),L133*VLOOKUP(J133,'$DB.LOOKUP.ICW'!C:D,2,FALSE),"")
M134: =IF(AND(J134<>"",L134<>""),L134*VLOOKUP(J134,'$DB.LOOKUP.ICW'!C:D,2,FALSE),"")
D135: Section D, Total Income | M135: =SUM(M131:M134) -> 0
D137: Section E- Seasonal Employment, Unemployment, and Miscellaneous Income
D139: Instructions / Documentation
D140: Seasonal employment, unemployment, and miscellaneous income should be captured in Section E of the Income Calculation Worksheet. The acceptable documentation will vary dependent upon income type. For seasonal employment, the supporting documentation should include a fully completed Verification of Employment Form providing income amount earned over the most recent year, a W2, or other third- party documentation providing this information. To verify unemployment income, worker’s compensation, or severance pay, the benefit notification, award letter, or 1099 should be obtained. To document miscellaneous income such as interest or dividends, the most recent tax return, 1099, or brokerage statements verifying stock portfolio earnings, should be obtained. Other options for documentation include IRS form 4506-T (Request for Transcript Tax Return). Interest and dividend income must be included in the total household income when the combined annual amount exceeds $100 per filing year. The gross amount should be entered in the Income Calculation Worksheet. The worksheet will calculate an annualized income amount.
D142: Applicant Name | F142: Income Source | J142: Payment Frequency | L142: Payment Amount | M142: Annual Income
...

Sheet $DB.LOOKUP.ICW
A1: $DB.LOOKUP.RANGE_LOOKUP_ANNUAL_PAYSTUBS | C1: $DB.LOOKUP.RANGE_LOOKUP_CHILDSUPPORT_FREQ | F1: $DB.LOOKUP.RANGE_LOOKUP_SECTD_INCOMESOURCE | H1: $DB.LOOKUP.RANGE_LOOKUP_SECTE_INCOMESOURCE | J1: $DB.LOOKUP.RANGE_LOOKUP_DEPENDENTS | L1: $DB.LOOKUP.RANGE_LOOKUP_VOE_FREQ
A2: PAYSTUBS_PER_YEAR | C2: CHILDSUPPORT_PYMT_FREQ | D2: PYMTS_PER_YEAR | F2: SECTD_INCOMESOURCE | H2: SECTE_INCOMESOURCE | J2: DEPENDENT_NAME | L2: PYMT_FREQ | M2: PYMTS_PER_YEAR
A3: 12 | C3: Weekly | D3: 52 | F3: Interest | H3: Social Security | J3: Child #1 | L3: Annual | M3: 1
A4: 24 | C4: Bi-Weekly | D4: 26 | F4: Dividends | H4: Retirement/Pension | J4: Child #2 | L4: Monthly | M4: 12
A5: 26 | C5: Monthly | D5: 12 | F5: Seasonal Employment | H5: Public Assistance | J5: Child #3 | L5: Weekly | M5: 52
A6: 52 | C6: Semi-Monthly | D6: 24 | F6: Unemployment | H6: Disability | J6: Child #4 | L6: Bi-Weekly | M6: 26
C7: Annual | D7: 1 | F7: Other (Please Describe) | H7: Other (Please Describe) | L7: Semi-Monthly | M7: 24
L8: Hourly | M8: 0

Sheet $DB.CONFIG.ICW
A1: AHP ICW - Configuration Settings | C1: Updated for each release
A3: CONFIG_ID | B3: DESCRIPTION | C3: VALUE
A4: FORM_ID | B4: Form ID | C4: AHP-152
A5: REVISION_DATE | B5: Last Revision Date | C5: 46044
A6: REVISION_EFF_DATE | B6: Revision Effective Date | C6: 46044
A7: REVISION_EFF_DATE_DISPLAY | B7: Revision Effective Date - Display | C7: =TEXT(CONFIG_REVISION_EFF_DATE,"M/YYYY") -> 1/2026
A8: VERSION_ID | B8: Version Number | C8: 2.0.1
